 Dungeon Crawl Stone Soup version 0.22.1-6-g1668fe2 (webtiles) character file.

3728 Baril the Geomancer (level 10, -2/57 HPs)
             Began as a Gargoyle Earth Elementalist on Jan 18, 2019.
             Was a Priest of Vehumet.
             Shot with a bolt by an orc warrior (22 damage)
             ... in a bailey.
             The game lasted 01:21:39 (9530 turns).

Baril the Geomancer (Gargoyle Earth Elementalist)   Turns: 9530, Time: 01:21:39

Health: -2/57      AC: 14    Str: 13    XL:     10   Next: 14%
Magic:  1/19       EV: 12    Int: 18    God:    Vehumet [***...]
Gold:   386        SH:  0    Dex: 10    Spells: 4/21 levels left

rFire    + + +     SeeInvis .   w - +2 flail (holy)
rCold    . . .     Gourm    .   (no shield)
rNeg     + + .     Faith    .   Q - +2 leather armour of Recklessness {rF++ rN+}
rPois    ∞         Spirit   .   L - +0 helmet
rElec    +         Reflect  .   J - +0 cloak
rCorr    .         Harm     .   (no gloves)
MR       .....                  (no boots)
Stlth    ++........             (no amulet)
HPRegen  0.19/turn              l - ring of protection from cold
MPRegen  0.16/turn              I - ring of fire

@: about to teleport
A: negative energy resistance 1, electricity resistance, unbreathing,
petrification resistance, rot immunity, AC +7
a: Renounce Religion


You were in a bailey.
You worshipped Vehumet.
Vehumet was most pleased with you.
You were not hungry.

You visited 1 branch of the dungeon, and saw 9 of its levels.
You also visited: Bailey.

You collected 386 gold pieces.

Inventory:

Hand Weapons
 b - a +3 shortbow
 w - a +2 flail of holy wrath (weapon)
 E - a +0 hunting sling
 M - a cursed +0 blowgun
 N - a +1 whip of electrocution
Missiles
 e - 59 poisoned needles
 f - 86 sling bullets
 h - 132 stones (quivered)
 j - 182 arrows
 n - 52 bolts
 F - 4 tomahawks of returning
 G - a throwing net
 H - 4 tomahawks
Armour
 c - a +0 robe
 o - a +0 large shield
 p - a scarf of resistance
 J - a +0 cloak (worn)
 L - a +0 helmet (worn)
 Q - the +2 leather armour of Recklessness (worn) {rF++ rN+}
   (You took it off a wight on level 7 of the Dungeon)

   It greatly protects you from fire.
   It protects you from negative energy.
Magical Staves
 a - an uncursed staff of energy
Jewellery
 l - a ring of protection from cold (left hand)
 I - a ring of fire (right hand)
Wands
 A - a wand of digging (12)
 P - a wand of iceblast (4)
Scrolls
 g - 5 scrolls of identify
 k - 3 scrolls of fog
 r - 3 scrolls of immolation
 s - 6 scrolls of teleportation
 t - 6 scrolls of remove curse
 v - 6 scrolls of magic mapping
 x - 2 scrolls of amnesia {unknown}
 y - a scroll of enchant armour {unknown}
 C - a scroll of random uselessness {unknown}
Potions
 i - a potion of curing {unknown}
 m - a potion of brilliance {unknown}
 q - a potion of invisibility {unknown}
 u - 2 potions of heal wounds
 z - 5 potions of flight
 B - a potion of cancellation {unknown}
 D - a potion of lignification {unknown}
 K - a potion of haste {unknown}
Comestibles
 d - 16 rations
 O - a chunk of flesh


   Skills:
 + Level 4.3 Fighting
 + Level 4.0 Maces & Flails
 + Level 1.6 Armour
 - Level 3.4 Dodging
 - Level 2.1 Stealth
 + Level 6.1 Spellcasting
 + Level 6.3 Conjurations
 - Level 0.7 Transmutations
 + Level 3.9 Fire Magic
 + Level 8.3 Earth Magic
 + Level 3.5 Evocations


You had 4 spell levels left.
You knew the following spells:

 Your Spells              Type           Power        Failure   Level  Hunger
a - Throw Flame           Conj/Fire      #####.       1%          2    None
b - Stone Arrow           Conj/Erth      ####..       1%          3    ##.....
c - Sandblast             Erth           #####.       1%          1    None
d - Lee's Rapid Deconstr  Erth           #####.....   4%          5    #####..
e - Sticky Flame          Conj/Fire      #####...     5%          4    ####...
p - Passwall              Tmut/Erth      ###.....     3%          2    None

Your spell library contained the following spells:

 Spells                   Type           Power        Failure   Level  Hunger
 Petrify                  Tmut/Erth      ###.....     24%         4    ####...


Dungeon Overview and Level Annotations

Branches:
Dungeon (9/15)             Temple (0/1) D:7
   Lair: D:8-11         Orc: D:9-12

Altars:
Ashenzari
Cheibriados
Dithmenos
Fedhas
Gozag
Nemelex Xobeh
Okawaru
Vehumet

Shops:
D:7 }


Innate Abilities, Weirdness & Mutations

You are resistant to torment.
Your stone body is resilient. (AC +7)
You are immune to poison.
You resist negative energy. (rN+)
You are resistant to electric shocks. (rElec)
You can survive without breathing.
You are immune to petrification.
You are immune to rotting.


Message History

The orc hits you from afar with a trident.
The orc warrior hits you but does no damage.
As you read the scroll of teleportation, it crumbles to dust.
You feel strangely unstable. The orc barely misses you.
The orc hits you but does no damage.
The orc warrior hits you but does no damage.
The orc grunts noisily.
An orc warrior comes into view. It is wielding an arbalest.
The orc closely misses you.
Casting: Sandblast (safe; 1% risk of failure)
Confirm with . or Enter, or press ? or * to list all spells.
Aiming: Sandblast (safe; 1% risk of failure)
Press: ? - help, Shift-Dir - straight line, f/p - orc warrior
Aim: an orc warrior, wielding a spear and wearing a plate armour (moderately The blast of sand hits the orc warrior.
The orc warrior is heavily wounded.
h - 132 stones The orc warrior shouts!
You hear a shout!
The orc warrior shoots a bolt.
The bolt hits you!!
You die...

# ### ##.
#########∩## #}.
##.....##.∩.# .
#)..#..≈≈≈..#...#..≈
#!..#.≈≈.≈≈.......≈≈o
#...o.≈oo.≈..o....≈oo
#o≈≈o≈≈.......≈≈.≈
#..≈≈≈.)#...#..≈≈≈
##@..))##...##....
#########∩## #### ##


You could see 3 orc warriors and 3 orcs.

Vanquished Creatures
  Pikel (D:7)
  A hungry ghost (D:7)
  A slave (D:7)
  3 orc warriors
  3 sky beasts
  A phantom (D:6)
  An eye of draining (D:5)
  5 ogres
  6 centaurs
  A big kobold (D:7)
  A bullfrog (D:6)
  2 scorpions
  10 wights
  3 crimson imps
  2 jellies
  5 hounds
  3 orc wizards
  2 centaur skeletons
  Terence (D:2)
  4 worker ants
  2 hound skeletons
  A worker ant zombie (D:6)
  6 adders
  4 gnolls (D:6)
  2 shadow imps
  3 worms
  5 dart slugs
  5 leopard geckos
  13 orcs
  4 giant cockroaches
  7 hobgoblins
  22 jackals
  4 quokkas
  6 bats
  5 frilled lizards
  9 goblins
  13 kobolds
  A leopard gecko skeleton (D:5)
  4 rats
172 creatures vanquished.

Vanquished Creatures (others)
  An iguana (D:7)
1 creature vanquished.

Grand Total: 173 creatures vanquished

Notes
Turn   | Place    | Note
-------+----------+-------------------------------------------
     0 | D:1      | Baril the Gargoyle Earth Elementalist began the quest for
                  | the Orb.
     0 | D:1      | Reached XP level 1. HP: 10/10 MP: 3/3
   326 | D:1      | Reached skill level 4 in Earth Magic
   326 | D:1      | Reached XP level 2. HP: 15/15 MP: 3/5
   346 | D:1      | Learned a level 2 spell: Passwall
   859 | D:1      | Reached XP level 3. HP: 19/19 MP: 6/6
   864 | D:1      | Learned a level 3 spell: Stone Arrow
  1443 | D:2      | Reached skill level 1 in Conjurations
  1456 | D:2      | Found a radiant altar of Vehumet.
  1460 | D:2      | Became a worshipper of Vehumet
  1526 | D:2      | Reached XP level 4. HP: 24/24 MP: 8/8
  1572 | D:2      | Found an opulent altar of Gozag.
  1572 | D:2      | Found a snail-covered altar of Cheibriados.
  1583 | D:2      | Found an iron altar of Okawaru.
  1587 | D:2      | Noticed Terence
  1589 | D:2      | Found a sparkling altar of Nemelex Xobeh.
  1748 | D:2      | Found a faded altar of an unknown god.
  1825 | D:2      | Killed Terence
  2352 | D:3      | Reached skill level 5 in Earth Magic
  2362 | D:3      | Reached XP level 5. HP: 20/28 MP: 4/9
  2543 | D:3      | Reached * piety under Vehumet
  2543 | D:3      | Offered knowledge of Freeze by Vehumet.
  3072 | D:4      | Reached XP level 6. HP: 29/32 MP: 11/11
  3119 | D:4      | Noticed a sky beast
  3922 | D:4      | Killed a sky beast
  3922 | D:4      | Reached skill level 6 in Earth Magic
  3922 | D:4      | Reached XP level 7. HP: 33/36 MP: 8/13
  3973 | D:5      | Entered Level 5 of the Dungeon
  4287 | D:5      | Learned a level 5 spell: Lee's Rapid Deconstruction
  4319 | D:5      | Reached ** piety under Vehumet
  4322 | D:5      | Offered knowledge of Throw Flame by Vehumet.
  4330 | D:5      | Learned a level 2 spell: Throw Flame
  5054 | D:5      | Reached skill level 1 in Fighting
  5054 | D:5      | Reached skill level 1 in Maces & Flails
  5054 | D:5      | Reached skill level 1 in Fire Magic
  5054 | D:5      | Reached skill level 1 in Evocations
  5054 | D:5      | Reached XP level 8. HP: 43/43 MP: 12/15
  5368 | D:6      | Reached skill level 7 in Earth Magic
  5399 | D:6      | Reached skill level 5 in Spellcasting
  5814 | D:6      | Reached skill level 5 in Conjurations
  6026 | D:6      | Found a shadowy altar of Dithmenos.
  6297 | D:6      | Offered knowledge of Dazzling Spray by Vehumet.
  6770 | D:7      | Reached XP level 9. HP: 38/49 MP: 13/17
  7041 | D:7      | Reached *** piety under Vehumet
  7175 | D:7      | Found a staircase to the Ecumenical Temple.
  7677 | D:7      | Found Poli's Gadget Emporium.
  7677 | D:7      | Noticed Pikel
  7686 | D:7      | Killed Pikel
  8020 | D:7      | Reached skill level 8 in Earth Magic
  8145 | D:7      | Got a pitted leather armour
  8156 | D:7      | Identified the +2 leather armour of Recklessness {rF++ rN+}
                  | (You took it off a wight on level 7 of the Dungeon)
  8555 | D:8      | Found a shattered altar of Ashenzari.
  8594 | D:8      | Reached skill level 1 in Armour
  8594 | D:8      | Reached XP level 10. HP: 50/56 MP: 4/19
  8832 | D:8      | Found a blossoming altar of Fedhas.
  9475 | D:9      | Found a flagged portal.
  9478 | D:9      | Offered knowledge of Sticky Flame by Vehumet.
  9486 | D:9      | Learned a level 4 spell: Sticky Flame
  9493 | Bailey   | Entered a bailey
  9530 | Bailey   | Shot with a bolt by an orc warrior

Skill      XL: |  1  2  3  4  5  6  7  8  9 10 |
---------------+-------------------------------+-----
Earth Magic    | 4 5 6 7 8 |  8.3
Conjurations   | 1 2 3 4 5 6 |  6.3
Spellcasting   | 3 4 5 6 |  6.1
Fighting       | 1 2 4 |  4.3
Maces & Flails | 1 2 3 4 |  4.0
Fire Magic     | 1 2 3 |  3.9
Evocations     | 1 2 3 |  3.5
Dodging        | 2 3 |  3.4
Armour         | 1 |  1.6
Stealth        | |  2.1
Transmutations | |  0.7

Action                   |  1- 3 |  4- 6 |  7- 9 | 10-12 || total
-------------------------+-------+-------+-------+-------++-------
Melee: Club              |    19 |       |       |       ||    19
       Whip              |    27 |       |       |       ||    27
       Mace              |    57 |   179 |       |       ||   236
       Flail             |       |    34 |   214 |    13 ||   261
 Fire: Shortbow          |       |       |    49 |       ||    49
Throw: Stone             |       |       |     1 |       ||     1
 Cast: Sandblast         |    13 |    52 |    48 |     4 ||   117
       Passwall          |       |     2 |       |       ||     2
       Throw Flame       |       |       |    38 |     5 ||    43
       Stone Arrow       |       |       |    15 |    10 ||    25
       Lee's Rapid Decon |       |       |     4 |     2 ||     6
  Use: Scroll            |       |     2 |     4 |     3 ||     9
       Potion            |       |       |       |     1 ||     1
 Stab: Sleeping          |     1 |     1 |     2 |       ||     4
  Eat: Chunk             |     2 |     8 |    15 |     4 ||    29
Armor: Robe              |    27 |   105 |   109 |       ||   241
       Leather armour    |       |       |    13 |    25 ||    38
Dodge: Dodged            |    95 |   223 |   195 |    27 ||   540
